 Dungeon Crawl Stone Soup version 0.29.1-1-gd02db6906a (webtiles) character file.

Game seed: 13163788708816633355

38 Homeless the Ducker (level 3, -1/29 HPs)
             Began as a Mummy Monk on Oct 18, 2022.
             Slain by a hobgoblin (3 damage)
             ... on level 4 of the Dungeon.
             The game lasted 00:03:47 (3058 turns).

Homeless the Ducker (Mummy Monk)                    Turns: 3058, Time: 00:03:48

Health: -1/29      AC:  0    Str: 14    XL:     3   Next: 25%
Magic:  3/3        EV: 13    Int:  9    God:
Gold:   67         SH:  0    Dex: 16    Spells: 2/2 levels left

rFire   x . .      SeeInvis .     - Unarmed
rCold   + . .      Faith    .   (no shield)
rNeg    + + +      Spirit   .   (no body armour)
rPois   ∞          Reflect  .   (no helmet)
rElec   .          Harm     .   (no cloak)
rCorr   .          Rampage  .   (no gloves)
Will    .....                   (no boots)
Stlth   ++........              (no amulet)
HPRegen 0.09/turn               (no ring)
MPRegen 0.08/turn               (no ring)

@: no status effects
A: cold resistance 1, negative energy resistance 3, torment resistance 2, heat
vulnerability 1, in touch with death 1, no potions
a: no special abilities


You were on level 4 of the Dungeon.
You visited 1 branch of the dungeon, and saw 3 of its levels.

You collected 67 gold pieces.

You aren't carrying anything.


   Skills:
 - Level 3.0 Fighting
 * Level 3.6 Dodging
 - Level 1.5 Stealth
 - Level 2.4 Unarmed Combat


You had 2 spell levels left.
You didn't know any spells.
Your spell library was empty.

Dungeon Overview and Level Annotations

Branches:
Dungeon (2/15)

Altars:


Innate Abilities, Weirdness & Mutations

You are immune to poison.
Your flesh is cold resistant. (rC+)
You are immune to negative energy. (rN+++)
You are immune to unholy pain and torment.
You are vulnerable to heat. (rF-)
You are in touch with the powers of death.
You do not drink.


Message History

The ball python barely misses you. The ball python misses you.
The ball python bites you. The ball python closely misses you.
The ball python attacks as you move away!
The ball python bites you. The ball python barely misses you.
You hit the ball python.
You kill the ball python!
You miss the quokka. The quokka bites you.
You closely miss the quokka. The quokka misses you.
You barely miss the quokka. The quokka misses you.
You hit the quokka but do no damage. The quokka bites you.
You closely miss the quokka. The quokka closely misses you.
The hobgoblin closely misses you. The quokka bites you.
You hit the hobgoblin but do no damage. The hobgoblin hits you.
The quokka closely misses you.
You hit the hobgoblin.
The hobgoblin is heavily wounded.
The hobgoblin closely misses you. The quokka bites you.
You hit the hobgoblin.
The hobgoblin is almost dead.
The quokka misses you. The hobgoblin closely misses you.
You closely miss the hobgoblin.
The hobgoblin is almost dead.
The quokka bites you.
* * * LOW HITPOINT WARNING * * *
The hobgoblin hits you.
* * * LOW HITPOINT WARNING * * *
You hit the quokka but do no damage. The quokka barely misses you.
The hobgoblin barely misses you.
You barely miss the quokka. The quokka barely misses you.
The hobgoblin closely misses you.
You hit the quokka.
The quokka is moderately wounded.
The quokka bites you.
* * * LOW HITPOINT WARNING * * *
The hobgoblin completely misses you.
You barely miss the hobgoblin.
The hobgoblin is almost dead.
The quokka twitches its whiskers.
The quokka barely misses you. x2; The hobgoblin hits you.
You die...

....$....#....B##
.........#....##
......#..#....#
.....###....###
....# ##...##
...# #...## #.#
#...## ##gr.##
#.@..# ##...#
#..## ##.# ##


You could see a quokka and a hobgoblin.

Vanquished Creatures
  A dart slug (D:2)
  3 ball pythons
  3 endoplasms (D:1)
  2 giant cockroaches (D:1)
  7 goblins
  3 hobgoblins
  2 jackals (D:1)
  2 frilled lizards
  A kobold (D:1)
  9 rats
33 creatures vanquished.

Notes
Turn   | Place    | Note
-------+----------+-------------------------------------------
     0 | D:1      | Homeless the Mummy Monk began the quest for the Orb.
     0 | D:1      | Reached XP level 1. HP: 18/18 MP: 1/1
   520 | D:1      | Reached XP level 2. HP: 12/24 MP: 2/2
  2733 | D:2      | Gained mutation: You are in touch with the powers of death.
                  | [Mummy growth]
  2733 | D:2      | Reached XP level 3. HP: 29/29 MP: 3/3
  3027 | D:2      | You fall into a shaft and drop 2 floors!
  3058 | D:4      | Slain by a hobgoblin

Illustrated notes

Levels and vault maps discovered:
D:1:      dpeg_arrival_ratfight, layout_basic
D:2:      mumra_celtic_spiral_tile, layout_rooms, basic_altar,
          kennysheep_generic_room_4
D:4:      minmay_angry_zag, layout_cave_pools, nicolae_overflow_hidden_temple,
          temple_green

Skill      XL: |  1 |
---------------+----+-----
Dodging        | 3 |  3.6
Fighting       | |  3.0
Stealth        | |  1.5
Unarmed Combat | |  2.4

Action                   || total
-------------------------++-------
Melee: Unarmed           ||   148
       Punch             ||     2
  Use: Scroll            ||     6
 Stab: Sleeping          ||     1
Dodge: Dodged            ||    78
